 Dungeon Crawl Stone Soup version 0.31-a0-977-gc230f8ef24 (webtiles) character file.

Game seed: 10928017226961808824

49 MacCMillion the Ruffian (level 3, -2/25 HPs)
             Began as an Octopode Shapeshifter on Oct 29, 2023.
             Slain by Terence
             ... wielding a +2 morningstar of freezing
              (9 damage)
             ... on level 2 of the Dungeon.
             The game lasted 00:01:41 (914 turns).

MacCMillion the Ruffian (Octopode Shapeshifter)      Turns: 914, Time: 00:01:42

Health: -2/25      AC:  1    Str: 15    XL:     3   Next: 75%
Magic:  3/3        EV: 13    Int: 12    God:
Gold:   46         SH:  0    Dex: 17    Spells: 2/2 levels left

rFire   . .          .
                       - Unarmed
rCold   . . .        (no shield)
rNeg    . . .        (helmet currently unavailable)
rPois   .            (no amulet)
rElec   .            i - +6 ring of dexterity
rCorr   .            (no ring)
SInv    .            (no ring)
Will    .....        (no ring)
Stlth   +++          (no ring)
HPRegen 0.24/turn    (no ring)
MPRegen 0.08/turn    (no ring)
                     (no ring)

%: no passive effects
@: beast-form
A: beast (slay +1), almost no armour, amphibious, 8 rings, camouflage 1,
gelatinous body 1, (nimble swimmer 1), tentacles
a: Begin Untransformation


You were on level 2 of the Dungeon.
You were a hulking beast.
You visited 1 branch of the dungeon, and saw 2 of its levels.

You collected 46 gold pieces.

Inventory:

Jewellery
 i - a +6 ring of dexterity (left tentacle)
Talismans
 b - a beast talisman
 c - a flux talisman
Scrolls
 f - a scroll of immolation {unknown}
 h - a scroll of identify {unknown}
 j - a scroll of revelation {unknown}
Potions
 a - a potion of lignification
 d - a potion of resistance {unknown}
 e - a potion of invisibility {unknown}
 g - a potion of degeneration {unknown}
 k - 2 potions of curing {unknown}


   Skills:
 + Level 2.5 Fighting
 - Level 2.0 Dodging
 + Level 3.8 Unarmed Combat
 - Level 3.0 Shapeshifting


You had 2 spell levels left.
You didn't know any spells.
Your spell library was empty.

Dungeon Overview and Level Annotations

Branches:
Dungeon (2/15)

Altars:

Annotations:
D:2 Terence


Innate Abilities, Weirdness & Mutations

You are a hulking beast.
Your limbs bulge with bestial killing power. (Slay +1)
You cannot wear most types of armour.
You are amphibious.
You can wear up to eight rings at the same time.
Your skin changes colour to match your surroundings (Stealth+).
Your rubbery body absorbs attacks. (AC +1, EV +1)
((You are camouflaged when in or above water. (Stealth+)))
You have tentacles for arms and can constrict up to eight enemies at once.


Message History

You kill the kobold!
Things that are here:
a +1 whip of freezing; 4 stones A rat comes into view.
A rat is nearby!
A rat is nearby!
The helpless rat fails to defend itself.
You tentacle-slap the rat.
You kill the rat!
No target in view!
Terence the Incautious comes into view.
He is wielding a +2 morningstar of freezing.
Terence is nearby!
You tentacle-slap Terence. Your grab misses Terence. You squeeze Terence.
Terence is lightly wounded.
Terence hits you with a +2 morningstar of freezing!
Terence freezes you.
You tentacle-slap Terence but do no damage.
You grab Terence.
Terence is lightly wounded.
You constrict Terence, but do no damage.
Terence barely misses you.
You tentacle-slap Terence. You squeeze Terence.
Terence is heavily wounded.
You constrict Terence, but do no damage.
Terence hits you with a +2 morningstar of freezing!
Terence freezes you.
* * * LOW HITPOINT WARNING * * *
You are too injured to fight recklessly!
You are too injured to fight recklessly!
You are too injured to fight recklessly!
You tentacle-slap Terence but do no damage.
You squeeze Terence, but do no damage.
Terence is heavily wounded.
You constrict Terence, but do no damage.
Terence barely misses you.
You tentacle-slap Terence but do no damage.
Terence is heavily wounded.
You constrict Terence.
Terence hits you with a +2 morningstar of freezing!
You die...

#.# #.#.#
#.#.# #.#.#
#.#.# #.#.#
#.#.# #)#@#
#.#h# #.#.#
#.#.#
#.#.#######
#.#........
#..........
###########


You could see Terence.

Vanquished Creatures
  A gnoll (D:1)
  2 dart slugs (D:1)
  4 endoplasms (D:1)
  A giant cockroach (D:1)
  2 goblins (D:1)
  4 hobgoblins (D:1)
  2 jackals (D:2)
  2 kobolds
  A quokka (D:1)
  A ball python (D:1)
  7 bats (D:1)
  3 frilled lizards (D:1)
  3 rats
33 creatures vanquished.

Notes
Turn   | Place    | Note
-------+----------+-------------------------------------------
     0 | D:1      | MacCMillion the Octopode Shapeshifter began the quest for
                  | the Orb.
     0 | D:1      | Reached XP level 1. HP: 13/13 MP: 1/1
    77 | D:1      | Reached XP level 2. HP: 18/18 MP: 2/2
   347 | D:1      | Reached XP level 3. HP: 24/24 MP: 3/3
   905 | D:2      | Noticed Terence
   914 | D:2      | Slain by Terence

Illustrated notes

Levels and vault maps discovered:
D:1:      nicolae_arrival_somewhat_less_tricky_arrival, layout_basic,
          minmay_hedge_maze
D:2:      layout_loops_ring, uniq_crazy_yiuf_cottage, uniq_terence

Skill      XL: |  1  2 |
---------------+-------+-----
Fighting       | 2 |  2.5
Dodging        | |  2.0
Unarmed Combat | |  3.8
Shapeshifting  | |  3.0

Action                     || total
---------------------------++-------
  Melee: Unarmed           ||    62
         Constrict         ||    15
         Punch             ||     2
         Tentacles         ||    10
   Stab: Sleeping          ||     4
 Armour: Skin              ||    23
  Dodge: Dodged            ||    37

Table legend: (Time is in decaauts)
 A = Elapsed time spent in this place.
 B = Non-inter-level travel time spent in this place.
 C = Inter-level travel time spent in this place.
 D = Time resting spent in this place.
 E = Time spent auto-exploring this place.
 F = Levels seen in this place.
 G = Mean time per level.
                   A        B        C        D        E       F      G
               +--------+--------+--------+--------+--------+-----+--------+
         Total |    910 |    887 |     23 |      2 |    672 |   2 |  455.0 |
       Dungeon |    910 |    887 |     23 |      2 |    672 |   2 |  455.0 |
               +--------+--------+--------+--------+--------+-----+--------+

Top non-repeatable levels by time:
     D:1: 858 daAuts
     D:2: 51 daAuts
